 Dungeon Sprint DCSS version 0.26-a0-1013-gf6ffb0d6bd (webtiles) character file.

Game seed: 7795754584067431190

20222 sahdkjhfkaj the Executioner (level 12, -1/122 HPs)
             Began as a Minotaur Berserker on Dec 7, 2020.
             Was the Champion of Trog.
             Killed from afar by a tengu reaver (15 damage)
             ... with a bolt of poison
             ... in the Dungeon (Sprint IX: "|||||||||||||||||||||||||||||").
             The game lasted 00:04:53 (4011 turns).

sahdkjhfkaj the Executioner (Minotaur Berserker)    Turns: 4011, Time: 00:04:54

Health: -1/122     AC: 24    Str: 33    XL:     12   Next: 43%
Magic:  11/11      EV: 13    Int: 10    God:    Trog [******]
Gold:   1916       SH:  0    Dex: 10    Spells: 11/11 levels left

rFire    . . .     SeeInvis .   a - +9 executioner's axe (vorpal)
rCold    . . .     Faith    .   (shield currently unavailable)
rNeg     . . .     Spirit   .   r - +10 plate armour "Trusted Companion" {Str+6}
rPois    .         Reflect  .   q - +1 hat {Will+}
rElec    .         Harm     .   o - +0 cloak
rCorr    .         Rampage  .   (no gloves)
Will     +....     NoTele   +   (no boots)
Stlth    ..........             (no amulet)
HPRegen  0.30/turn              l - +3 ring of intelligence
MPRegen  0.12/turn              m - +3 ring of intelligence

@: lethally poisoned (-1 -> -14), barbed spikes, corroded, berserk cooldown,
slowed, very slow
A: retaliatory headbutt, horns 2
a: Berserk, Trog's Hand, Brothers in Arms, Renounce Religion


You were in the Dungeon.
You worshipped Trog.
Trog was exalted by your worship.
You visited 1 branch You collected 1916 gold pieces.

Inventory:

Hand Weapons
 a - a +9 vorpal executioner's axe (weapon)
Armour
 o - a +0 cloak (worn)
 q - a +1 hat of willpower (worn)
 r - the +10 plate armour "Trusted Companion" (worn) {Str+6}
   (You found it in the Dungeon)

   It affects your strength (+6).
Jewellery
 l - a +3 ring of intelligence (left hand)
 m - a +3 ring of intelligence (right hand)
Wands
 k - a wand of iceblast (10)
 s - a wand of acid (9)
Scrolls
 h - a scroll of blinking
 i - 4 scrolls of identify
 j - 3 scrolls of remove curse
 p - 2 scrolls of fear
 u - 2 scrolls of enchant armour
Potions
 b - 6 potions of heal wounds
 c - 8 potions of curing
 d - a potion of invisibility
 e - a potion of haste
 f - 4 potions of magic
 g - a potion of berserk rage
 n - 2 potions of mutation


   Skills:
 - Level 16.0 Fighting
 + Level 26.3 Axes
 - Level 13.6 Armour
 - Level 11.2 Dodging


You had 11 spell levels left.
You didn't know any spells.
Your spell library was empty.

Dungeon Overview and Level Annotations

Branches:
Dungeon (1/1)

Altars:
Cheibriados
Dithmenos
Elyvilon
Fedhas
Gozag
Hepliaklqana
Kikubaaqudgha
Makhleb
Nemelex Xobeh
Okawaru
Qazlal
Ru
Sif Muna
Trog
Uskayaw
Vehumet
Wu Jian
Xom
Yredelemnul
Zin
The Shining One
Beogh
Jiyva
Lugonu

Shops:
D :(}?


Innate Abilities, Weirdness & Mutations

You reflexively headbutt those who attack you in melee.
You have a pair of horns on your head.


Message History

A battlesphere comes into view.
You completely miss the battlesphere. You headbutt the battlesphere!
The battlesphere is heavily damaged.
Unknown command.
Your plate armour "Trusted Companion" prevents you from hitting the battlesphere.
You headbutt the battlesphere.
The battlesphere is severely damaged.
The tengu conjurer gestures wildly while chanting.
Nothing appears to happen.
The tengu reaver gestures at you while chanting.
The bolt of acid hits you!!
* * * LOW HITPOINT WARNING * * *
The acid corrodes you!
You are splashed with acid!
* * * LOW HITPOINT WARNING * * *
You barely miss the battlesphere. Your headbutt misses the battlesphere.
The battlesphere is severely damaged.
The tengu reaver points at you and mumbles some strange words.
The bolt of poison hits you!
You are poisoned.
You die...

▓▓▓▓▓▓▓▓▓▓▓▓▓▓▓▓▓▓▓▓▓▓▓▓
[[..........))()@*QDCcQQ
▓▓▓▓▓▓▓▓▓▓▓▓▓▓▓▓▓▓▓▓▓▓▓▓▓▓▓▓▓▓▓▓▓
........†......).....((..........
▓▓▓▓▓▓▓▓▓▓▓▓▓▓▓▓▓▓▓▓▓▓▓▓▓▓▓▓▓▓▓▓▓
)))))...)÷).)...∩.∩.∩)∩.....'....
▓▓▓▓▓▓▓▓▓▓▓▓▓▓▓▓▓▓▓▓▓▓▓▓▓▓▓▓▓▓▓▓▓
...........)..)).................
▓▓▓▓▓▓▓▓▓▓▓▓▓▓▓▓▓▓▓▓▓▓▓▓▓▓▓▓▓▓▓▓▓
)'.........'.........)))'..[[[[..


You could see an ice dragon, a stone giant, 2 tengu reavers, a tengu conjurer, a
centaur and a battlesphere.

Vanquished Creatures
  Gastronok (D)
  An ettin (D)
  Josephine (D)
  An ogre mage (D)
  A centaur warrior (D)
  A boulder beetle (D)
  A two-headed ogre (D)
  Urug (D)
  3 deep trolls (D)
  2 orc knights (D)
  A deep elf mage (D)
  A manticore (D)
  2 cyclopes (D)
  Joseph (D)
  A gargoyle (D)
  8 cane toads (D)
  8 trolls (D)
  A tyrant leech (D)
  4 blink frogs (D)
  2 wyverns (D)
  3 wraiths (D)
  3 yaks (D)
  Grum (D)
  2 vampire mosquitoes (D)
  5 water moccasins (D)
  11 orc warriors (D)
  A phantom (D)
  An ice beast (D)
  4 wolves (D)
  A centaur (D)
  2 bullfrogs (D)
  3 orc priests (D)
  3 orc wizards (D)
  3 worker ants (D)
  A white imp (D)
  An ooze (D)
  2 adder skeletons (D)
  An adder zombie (D)
  6 orcs (D)
  A goblin (D)
  A jackal (D)
  A quokka (D)
  A ball python zombie (D)
  2 bats (D)
  A frilled lizard (D)
  A kobold (D)
104 creatures vanquished.

Vanquished Creatures (collateral kills)
  An ogre mage (D)
1 creature vanquished.

Grand Total: 105 creatures vanquished

Notes
Turn   | Place    | Note
-------+----------+-------------------------------------------
     0 | D        | sahdkjhfkaj the Minotaur Berserker began the quest for the
                  | Orb.
     0 | D        | Reached XP level 1. HP: 19/19 MP: 0/0
     5 | D        | Reached skill level 4 in Axes
     7 | D        | Reached ** piety under Trog
    10 | D        | Reached skill level 5 in Axes
    13 | D        | Reached skill level 6 in Axes
    13 | D        | Reached XP level 2. HP: 23/26 MP: 1/1
    61 | D        | Reached *** piety under Trog
    70 | D        | Reached skill level 7 in Axes
    99 | D        | Found a roughly hewn altar of Beogh.
    99 | D        | Found a snail-covered altar of Cheibriados.
    99 | D        | Found a shadowy altar of Dithmenos.
    99 | D        | Found a white marble altar of Elyvilon.
    99 | D        | Found a blossoming altar of Fedhas.
    99 | D        | Found an opulent altar of Gozag.
   100 | D        | Found a hazy altar of Hepliaklqana.
   101 | D        | Found a viscous altar of Jiyva.
   102 | D        | Found an ancient bone altar of Kikubaaqudgha.
   103 | D        | Found a corrupted altar of Lugonu.
   104 | D        | Found a burning altar of Makhleb.
   105 | D        | Found a sparkling altar of Nemelex Xobeh.
   106 | D        | Found an iron altar of Okawaru.
   107 | D        | Found a stormy altar of Qazlal.
   108 | D        | Found a sacrificial altar of Ru.
   109 | D        | Found a shimmering blue altar of Sif Muna.
   110 | D        | Found a bloodstained altar of Trog.
   111 | D        | Found a hide-covered altar of Uskayaw.
   112 | D        | Found a radiant altar of Vehumet.
   113 | D        | Found an ornate altar of the Wu Jian Council.
   114 | D        | Found a shimmering altar of Xom.
   115 | D        | Found a basalt altar of Yredelemnul.
   116 | D        | Found a glowing silver altar of Zin.
   117 | D        | Found a glowing golden altar of the Shining One.
   141 | D        | Noticed an ice beast
   141 | D        | Noticed a centaur
   141 | D        | Noticed a phantom
   144 | D        | Killed an ice beast
   144 | D        | Reached **** piety under Trog
   145 | D        | Reached skill level 11 in Axes
   145 | D        | Reached XP level 3. HP: 31/31 MP: 2/2
   145 | D        | Reached XP level 4. HP: 39/39 MP: 3/3
   148 | D        | Killed a centaur
   149 | D        | Reached skill level 13 in Axes
   149 | D        | Reached XP level 5. HP: 45/45 MP: 4/4
   166 | D        | Killed a phantom
   166 | D        | Reached ***** piety under Trog
   167 | D        | Reached skill level 14 in Axes
   167 | D        | Reached XP level 6. HP: 29/51 MP: 5/5
   330 | D        | Noticed a vampire mosquito
   330 | D        | Noticed a cyclops
   330 | D        | Noticed a two-headed ogre
   340 | D        | Killed a vampire mosquito
   347 | D        | HP: 1/63 [cyclops (7)]
   353 | D        | Killed a cyclops
   354 | D        | Reached XP level 7. HP: 79/79 MP: 6/6
   359 | D        | Killed a two-headed ogre
   360 | D        | Reached XP level 8. HP: 73/93 MP: 7/7
   360 | D        | Received a gift from Trog
   643 | D        | Noticed a cane toad
   643 | D        | Noticed a cane toad
   643 | D        | Noticed a blink frog
   646 | D        | Killed a cane toad
   648 | D        | Killed a blink frog
   651 | D        | Killed a cane toad
   651 | D        | Noticed a cane toad
   652 | D        | Reached skill level 10 in Armour
   652 | D        | Reached XP level 9. HP: 85/100 MP: 8/8
   666 | D        | Killed a cane toad
   849 | D        | Noticed a cane toad
   849 | D        | Noticed a cane toad
   851 | D        | Reached ****** piety under Trog
   853 | D        | Reached skill level 5 in Dodging
   856 | D        | Killed a cane toad
   857 | D        | Killed a cane toad
   857 | D        | Received a gift from Trog
   858 | D        | Noticed a cane toad
   860 | D        | Reached XP level 10. HP: 107/107 MP: 9/9
   868 | D        | Killed a cane toad
   869 | D        | Reached skill level 10 in Dodging
  1042 | D        | Noticed a cane toad
  1042 | D        | Noticed a cane toad
  1046 | D        | Killed a cane toad
  1047 | D        | Reached skill level 15 in Axes
  1048 | D        | Killed a cane toad
  1051 | D        | Received a gift from Trog
  1052 | D        | Reached skill level 16 in Axes
  1066 | D        | Reached skill level 17 in Axes
  1335 | D        | Noticed Grum
  1347 | D        | Killed Grum
  1352 | D        | Received a gift from Trog
  1479 | D        | Got an ichor-stained war axe {god gift}
  1479 | D        | Identified the +6 war axe "Barnacled Pendulum" {vorpal,
                  | Str+4} (Trog gifted it to you in the Dungeon)
  1530 | D        | Noticed Joseph
  1538 | D        | Killed Joseph
  1539 | D        | Reached skill level 18 in Axes
  1594 | D        | Noticed an orc knight
  2109 | D        | Killed an orc knight
  2109 | D        | Received a gift from Trog
  2110 | D        | Reached skill level 19 in Axes
  2400 | D        | Reached XP level 11. HP: 109/114 MP: 10/10
  2480 | D        | Received a gift from Trog
  2496 | D        | Noticed an orc knight
  2510 | D        | Killed an orc knight
  2510 | D        | Received a gift from Trog
  2511 | D        | Reached skill level 20 in Axes
  2836 | D        | Found Ytwyjuec's Book Emporium.
  2836 | D        | Noticed a deep troll
  2836 | D        | Noticed a deep troll
  2836 | D        | Noticed a deep troll
  2840 | D        | Killed a deep troll
  2846 | D        | Killed a deep troll
  2846 | D        | Noticed an ogre mage
  2847 | D        | Reached skill level 21 in Axes
  2851 | D        | Killed a deep troll
  2852 | D        | Found Ziler's Weapon Shoppe.
  2860 | D        | Received a gift from Trog
  2861 | D        | Reached skill level 22 in Axes
  2868 | D        | Killed an ogre mage
  3051 | D        | Found Fiqunwaz's Gadget Emporium.
  3055 | D        | Found Uqet's Magic Scroll Shoppe.
  3057 | D        | Noticed an ogre mage
  3059 | D        | Noticed an ettin
  3066 | D        | Killed an ogre mage
  3073 | D        | Killed an ettin
  3074 | D        | Reached skill level 23 in Axes
  3090 | D        | Received a gift from Trog
  3554 | D        | Noticed Urug
  3561 | D        | Killed Urug
  3671 | D        | Noticed Gastronok
  3682 | D        | Killed Gastronok
  3683 | D        | Reached skill level 24 in Axes
  3683 | D        | Reached XP level 12. HP: 99/122 MP: 11/11
  3870 | D        | Noticed Josephine
  3876 | D        | Killed Josephine
  3876 | D        | Received a gift from Trog
  3879 | D        | Reached skill level 25 in Axes
  3946 | D        | Got the +10 plate armour "Trusted Companion" {Str+6}
  3983 | D        | Noticed a centaur warrior
  3989 | D        | Killed a centaur warrior
  3989 | D        | Noticed a boulder beetle
  3996 | D        | Received a gift from Trog
  3997 | D        | Noticed a tengu reaver
  3999 | D        | Noticed an ice dragon
  4002 | D        | Noticed a stone giant
  4005 | D        | Reached skill level 26 in Axes
  4005 | D        | Noticed a tengu reaver
  4008 | D        | Killed a boulder beetle
  4011 | D        | Killed from afar by a tengu reaver

Illustrated notes

Levels and vault maps discovered:
D:        linesprint [early_d, line_temple, items_1, d_10, items_2, lair_1,
          lair_end, items_3, orc_1, orc_end, items_4, d_15, swamp_1, shoals_1,
          snake_1, spider_1, d_20, vaults_1, items_5, swamp_end, shoals_end,
          snake_end, spider_end, vaults_end, d_27, items_6, zot_1, zot_end,
          crypt_end, forest_end, elf_end, slime_end, tomb_end, abyss_end,
          pan_hell_end]

Skill      XL: |  1  2  3  4  5  6  7  8  9 10 11 12 |
---------------+-------------------------------------+-----
Axes           | 6 11 13 14 19 24 26 | 26.3
Fighting       | 13 16 | 16.0
Armour         | 10 13 | 13.6
Dodging        | 8 11 | 11.2

Action                   |  1- 3 |  4- 6 |  7- 9 | 10-12 || total
-------------------------+-------+-------+-------+-------++-------
Melee: Hand axe          |    20 |    14 |       |       ||    34
       Headbutt          |     4 |     7 |     4 |    41 ||    56
       Broad axe         |       |    18 |     7 |       ||    25
       Battleaxe         |       |       |    27 |   124 ||   151
       Executioner's axe |       |       |       |    73 ||    73
Invok: Berserk           |     2 |     1 |     2 |     6 ||    11
       Brothers in Arms  |       |       |       |     1 ||     1
  Use: Potion            |       |     3 |       |     2 ||     5
       Scroll            |       |       |       |     7 ||     7
Armor: Animal skin       |     3 |     1 |       |       ||     4
       Chain mail        |       |     8 |     8 |    57 ||    73
       Plate armour      |       |       |       |    10 ||    10
Dodge: Dodged            |    15 |    10 |    13 |    82 ||   120

Table legend: (Time is in decaauts)
 A = Elapsed time spent in this place.
 B = Non-inter-level travel time spent in this place.
 C = Inter-level travel time spent in this place.
 D = Time resting spent in this place.
 E = Time spent auto-exploring this place.
 F = Levels seen in this place.
 G = Mean time per level.
                   A        B        C        D        E       F      G
               +--------+--------+--------+--------+--------+-----+--------+
         Total |   4034 |   3901 |    133 |   1815 |   1352 |   1 | 4034.0 |
       Dungeon |   4034 |   3901 |    133 |   1815 |   1352 |   1 | 4034.0 |
               +--------+--------+--------+--------+--------+-----+--------+

Top non-repeatable levels by time:
       D: 4034 daAuts
